 Dungeon Crawl Stone Soup version 0.29-a0-789-g7a8fcbc185 (webtiles) character file.

Game seed: 6522886217975999092

556 ytrimaz the Chopper (level 7, -8/44 HPs)
             Began as a Gargoyle Berserker on July 2, 2022.
             Was a Believer of Trog.
             Mangled by a gnoll
             ... wielding a +0 flail
             ... led by a gnoll sergeant
              (10 damage)
             ... on level 7 of the Dungeon.
             The game lasted 00:04:06 (3987 turns).

ytrimaz the Chopper (Gargoyle Berserker)            Turns: 3987, Time: 00:04:07

Health: -8/44      AC: 11    Str: 28    XL:     7   Next: 30%
Magic:  7/7        EV: 10    Int:  8    God:    Trog [**....]
Gold:   219        SH:  0    Dex:  9    Spells: 6/6 levels left

rFire   . . .      SeeInvis .   a - +0 hand axe
rCold   . . .      Faith    .   (no shield)
rNeg    + . .      Spirit   .   g - +0 scale mail
rPois   ∞          Reflect  .   (no helmet)
rElec   +          Harm     .   (no cloak)
rCorr   .          Rampage  .   (no gloves)
Will    .....                   (no boots)
Stlth   ..........              (no amulet)
HPRegen 0.14/turn               c - +6 ring of strength
MPRegen 0.10/turn               (no ring)

@: no status effects
A: sickness immunity, AC +4, negative energy resistance 1, electricity
resistance, torment resistance 1, petrification resistance
a: Renounce Religion, Berserk, Trog's Hand


You were on level 7 of the Dungeon.
You worshipped Trog.
Trog was pleased with you.
You visited 1 branch of the dungeon, and saw 5 of its levels.

You collected 219 gold pieces.

Inventory:

Hand Weapons
 a - a +0 hand axe (weapon)
Armour
 g - a +0 scale mail (worn)
Jewellery
 c - a +6 ring of strength (left hand)
Scrolls
 b - a scroll of fear {unknown}
 d - 2 scrolls of magic mapping
 e - a scroll of enchant armour
 i - a scroll of teleportation
Potions
 f - a potion of heal wounds
 h - 3 potions of cancellation
 j - 2 potions of ambrosia
 k - 3 potions of mutation
 m - a potion of lignification
 n - a potion of magic {unknown}
 o - a potion of brilliance {unknown}
 p - 2 potions of curing


   Skills:
 - Level 4.9 Fighting
 + Level 6.6 Axes
 - Level 2.6 Armour
 - Level 1.5 Dodging


You had 6 spell levels left.
You didn't know any spells.
Your spell library was empty.

Dungeon Overview and Level Annotations

Branches:
Dungeon (4/15)
 Temple: D:4-7

Altars:
Fedhas
Gozag
Nemelex Xobeh
Vehumet

Shops:
D:1 (


Innate Abilities, Weirdness & Mutations

You are immune to sickness and miasma.
Your stone body is resilient. (AC +4)
You are immune to poison.
You resist negative energy. (rN+)
You are resistant to electric shocks. (rElec)
You are resistant to unholy torment.
You are immune to petrification.


Message History

* * * LOW HITPOINT WARNING * * *
You are too injured to fight recklessly!
You hit the gnoll sergeant.
You kill the gnoll sergeant!
Trog accepts your kill.
You can now call upon Trog for regeneration and willpower.
You are too injured to fight recklessly!
You slash the gnoll!
The gnoll is severely wounded.
The gnoll hits you but does no damage.
You hit the gnoll.
You kill the gnoll!
Trog accepts your kill.
You hit the gnoll.
The gnoll is moderately wounded.
The gnoll barely misses you.
You hit the gnoll but do no damage.
The gnoll is moderately wounded.
The gnoll hits you but does no damage. x2
You are too injured to fight recklessly!
You hit the gnoll but do no damage.
The gnoll is moderately wounded.
The gnoll hits you from afar with a +0 spear.
* * * LOW HITPOINT WARNING * * *
The gnoll hits you but does no damage.
You are too injured to fight recklessly!
You closely miss the gnoll.
The gnoll is moderately wounded.
The gnoll hits you but does no damage. The gnoll hits you with a +0 flail.
* * * LOW HITPOINT WARNING * * *
You are too injured to fight recklessly!
You closely miss the gnoll.
The gnoll is moderately wounded.
The gnoll completely misses you. The gnoll barely misses you.
You hit the gnoll.
The gnoll is heavily wounded.
The gnoll hits you from afar with a +0 spear.
* * * LOW HITPOINT WARNING * * *
The gnoll hits you with a +0 flail!
You die...

#.# #.# #.#
#.# #.# #.#
#.# #.# #.#
#.# #.# #.#
#.# #.#
#.#.###.##
#.#.gg@..#
#.########
###########.#
............#
.....########
.....# .....#
.....# .....#


You could see 2 gnolls.

Vanquished Creatures
  An ogre (D:3)
  A gnoll sergeant (D:7)
  5 killer bees (D:7)
  Natasha (thrice) (D:2)
  2 gnolls (D:7)
  4 adders
  2 worms (D:2)
  2 dart slugs
  An orc (D:3)
  3 ball pythons
  3 bats
  2 endoplasms
  7 goblins
  5 hobgoblins
  2 jackals (D:2)
  9 kobolds
  A quokka (D:2)
  4 frilled lizards
  5 rats (D:3)
62 creatures vanquished.

Vanquished Creatures (others)
  A fungus (D:3)
  7 plants
8 creatures vanquished.

Grand Total: 70 creatures vanquished

Notes
Turn   | Place    | Note
-------+----------+-------------------------------------------
     0 | D:1      | ytrimaz the Gargoyle Berserker began the quest for the Orb.
     0 | D:1      | Reached XP level 1. HP: 14/14 MP: 1/1
   297 | D:1      | Reached XP level 2. HP: 10/19 MP: 2/2
   479 | D:1      | Found Muhucoac's Antique Weapon Emporium.
   601 | D:1      | Reached skill level 3 in Axes
  1410 | D:2      | Reached XP level 3. HP: 17/24 MP: 3/3
  1689 | D:2      | Noticed Natasha
  1693 | D:2      | Killed Natasha
  1717 | D:2      | Noticed Natasha
  1730 | D:2      | Killed Natasha
  1730 | D:2      | Reached ** piety under Trog
  1731 | D:2      | Reached XP level 4. HP: 18/29 MP: 4/4
  1864 | D:2      | Noticed Natasha
  1870 | D:2      | Killed Natasha
  1871 | D:2      | Reached skill level 4 in Axes
  2229 | D:3      | Reached XP level 5. HP: 25/34 MP: 5/5
  2412 | D:3      | Found an opulent altar of Gozag.
  2630 | D:3      | Noticed an ogre
  2642 | D:3      | Killed an ogre
  2935 | D:3      | Found a faded altar of an unknown god.
  2978 | D:3      | Found a sparkling altar of Nemelex Xobeh.
  2978 | D:3      | Found a blossoming altar of Fedhas.
  2978 | D:3      | Found a radiant altar of Vehumet.
  3104 | D:3      | Reached XP level 6. HP: 40/40 MP: 6/6
  3272 | D:4      | Reached skill level 5 in Axes
  3385 | D:4      | You fall into a shaft and drop 3 floors!
  3617 | D:7      | Reached skill level 6 in Axes
  3617 | D:7      | Reached XP level 7. HP: 18/44 MP: 7/7
  3987 | D:7      | HP: 2/44 [gnoll/+0 spear[a gnoll sergeant] (5)]
  3987 | D:7      | Mangled by a gnoll

Illustrated notes

Levels and vault maps discovered:
D:1:      roderic_crop_circles_arrival_small, layout_basic, serial_shops, shop,
          item_on_display_a
D:2:      layout_loops_cross, uniq_natasha
D:3:      layout_basic, nicolae_overflow_crystal_walls,
          gammafunk_temple_overflow_forgotten, shapermc_ecumenical_altar_ellora
D:4:      layout_basic, mainiacjoe_overflow_catwalk_spiral, minmay_checkerbox
D:7:      layout_basic, grunt_dithmenos_smoke_and_mirrors,
          minmay_temple_entry_steel_oval, grunt_ministairs_8,
          minmay_manual_monstrance

Skill      XL: |  1  2  3  4  5  6 |
---------------+-------------------+-----
Axes           | 3 4 6 |  6.6
Fighting       | 4 |  4.9
Armour         | |  2.6
Dodging        | |  1.5

Action                   |  1- 3 |  4- 6 |  7- 9 || total
-------------------------+-------+-------+-------++-------
Melee: Hand axe          |    76 |   142 |    40 ||   258
       Punch             |     1 |       |       ||     1
Invok: Trog's Hand       |       |     4 |     1 ||     5
       Berserk           |       |     2 |     1 ||     3
  Use: Scroll            |    12 |     3 |       ||    15
 Stab: Sleeping          |     2 |       |       ||     2
Armor: Animal skin       |    18 |    39 |       ||    57
       Scale mail        |       |    53 |    21 ||    74
Dodge: Dodged            |    39 |   113 |    14 ||   166

Table legend: (Time is in decaauts)
 A = Elapsed time spent in this place.
 B = Non-inter-level travel time spent in this place.
 C = Inter-level travel time spent in this place.
 D = Time resting spent in this place.
 E = Time spent auto-exploring this place.
 F = Levels seen in this place.
 G = Mean time per level.
                   A        B        C        D        E       F      G
               +--------+--------+--------+--------+--------+-----+--------+
         Total |   4049 |   3993 |     56 |    205 |   3083 |   5 |  809.8 |
       Dungeon |   4049 |   3993 |     56 |    205 |   3083 |   5 |  809.8 |
               +--------+--------+--------+--------+--------+-----+--------+

Top non-repeatable levels by time:
     D:1: 1235 daAuts
     D:3: 1024 daAuts
     D:2: 1002 daAuts
     D:7: 624 daAuts
     D:4: 162 daAuts
